 Dungeon Crawl Stone Soup version 0.22.0-27-ga576289 (webtiles) character file.

410 Monsterracer the Chopper (level 6, -1/38 HPs)
             Began as a Gargoyle Abyssal Knight on Aug 21, 2018.
             Was a Priest of Lugonu.
             Slain by a gnoll sergeant
             ... wielding a +0 trident
              (4 damage)
             ... on level 5 of the Dungeon.
             The game lasted 00:03:27 (4094 turns).

Monsterracer the Chopper (Gargoyle Abyssal Knight)  Turns: 4094, Time: 00:03:28

Health: -1/38      AC: 14    Str: 17    XL:     6   Next: 89%
Magic:  8/8        EV:  9    Int: 13    God:    Lugonu [***...]
Gold:   161        SH:  0    Dex:  9    Spells: 5/5 levels left

rFire    . . .     SeeInvis .   a - +1 hand axe
rCold    . . .     Gourm    .   (no shield)
rNeg     + . .     Faith    .   y - +2 scale mail {rPois}
rPois    ∞         Spirit   .   (no helmet)
rElec    +         Reflect  .   (no cloak)
rCorr    .         Harm     .   l - +0 pair of gloves
MR       .....                  (no boots)
Stlth    ..........             (no amulet)
HPRegen  0.12/turn              (no ring)
MPRegen  0.11/turn              (no ring)

@: no status effects
A: negative energy resistance 1, electricity resistance, unbreathing,
petrification resistance, rot immunity, AC +4
a: Depart the Abyss, Bend Space, Banish, Renounce Religion


You were on level 5 of the Dungeon.
You worshipped Lugonu.
Lugonu was most pleased with you.
You were hungry.

You visited 1 branch of the dungeon, and saw 5 of its levels.
You visited the Abyss 1 time.

You collected 161 gold pieces.

Inventory:

Hand Weapons
 a - a +1 hand axe (weapon)
Armour
 l - a +0 pair of gloves (worn)
 y - a +2 scale mail of poison resistance (worn)
Jewellery
 B - an uncursed ring of stealth {unknown}
Wands
 w - a wand of flame (8)
 C - a wand of disintegration (19)
Scrolls
 d - 2 scrolls of fear {unknown}
 f - a scroll of immolation {unknown}
 g - 6 scrolls of identify {unknown}
 h - a scroll of blinking {unknown}
 i - 4 scrolls of teleportation {unknown}
 n - 4 scrolls of enchant weapon {unknown}
 o - a scroll of magic mapping {unknown}
 p - 2 scrolls of remove curse {unknown}
 s - a scroll of enchant armour {unknown}
 t - a scroll of amnesia {unknown}
 A - 3 scrolls of noise {unknown}
Potions
 e - a potion of cancellation {unknown}
 j - a potion of mutation {unknown}
 k - a potion of lignification {unknown}
 m - a potion of berserk rage {unknown}
 q - a potion of might {unknown}
 r - 2 potions of degeneration {unknown}
 u - a potion of heal wounds {unknown}
 v - a potion of curing
 x - a potion of resistance {unknown}
 z - a potion of haste {unknown}
Comestibles
 c - 7 rations


   Skills:
 + Level 3.9 Fighting
 * Level 5.6 Axes
 - Level 2.1 Armour
 - Level 0.7 Dodging
 * Level 3.6 Invocations


You had 5 spell levels left.
You didn't know any spells.
Your spell library was empty.

Dungeon Overview and Level Annotations

Branches:
Dungeon (5/15)
 Temple: D:4-7

Altars:
Elyvilon
Fedhas


Innate Abilities, Weirdness & Mutations

You are resistant to torment.
Your stone body is resilient. (AC +4)
You are immune to poison.
You resist negative energy. (rN+)
You are resistant to electric shocks. (rElec)
You can survive without breathing.
You are immune to petrification.
You are immune to rotting.


Message History

The gnoll barely misses you.
The gnoll sergeant hits you with a trident.
You hit the gnoll sergeant but do no damage.
The gnoll sergeant is heavily wounded.
The gnoll barely misses you.
The gnoll sergeant hits you but does no damage.
You take 2 damage, and have 32/38 hp.
You hit the gnoll sergeant.
The gnoll sergeant is heavily wounded.
The gnoll hits you but does no damage.
The gnoll sergeant hits you with a trident.
You hit the gnoll sergeant but do no damage.
The gnoll sergeant is heavily wounded.
The gnoll barely misses you.
The gnoll sergeant hits you but does no damage.
You take 1 damage, and have 31/38 hp.
You barely miss the gnoll sergeant.
The gnoll sergeant is heavily wounded.
You hit the gnoll. The gnoll hits you but does no damage.
The gnoll sergeant hits you but does no damage.
You hit the gnoll sergeant.
The gnoll sergeant is heavily wounded.
You hit the gnoll. x2; The gnoll barely misses you.
The gnoll hits you but does no damage. The gnoll hits you.
You take 6 damage, and have 25/38 hp.
You are too injured to fight recklessly!
You hit the gnoll sergeant but do no damage.
The gnoll sergeant is heavily wounded.
You hit the gnoll but do no damage. You barely miss the gnoll.
The gnoll sergeant hits you with a trident.
The gnoll hits you but does no damage. x3
You take 2 damage, and have 23/38 hp.
You are too injured to fight recklessly!
You hit the gnoll sergeant but do no damage.
The gnoll sergeant is heavily wounded.
You hit the gnoll. You barely miss the gnoll. The gnoll barely misses you.
The gnoll sergeant drinks a potion.
The gnoll sergeant is healed!
The gnoll barely misses you. The gnoll hits you with a flail.
You take 3 damage, and have 20/38 hp.
You closely miss the gnoll sergeant.
The gnoll sergeant is lightly wounded.
You hit the gnoll. x2
You are feeling hungry.
The gnoll hits you from afar with a spear.
* * * LOW HITPOINT WARNING * * *
The gnoll sergeant hits you but does no damage.
The gnoll barely misses you.
You take 2 damage, and have 18/38 hp.
The gnoll hits you but does no damage. The gnoll sergeant closely misses you.
Things that are here:
a hand axe; an orc corpse You closely miss the gnoll.
The gnoll is heavily wounded.
The gnoll hits you but does no damage.
The gnoll sergeant hits you but does no damage.
The gnoll barely misses you. The gnoll hits you but does no damage.
The gnoll sergeant barely misses you.
You closely miss the gnoll.
The gnoll is heavily wounded.
The gnoll barely misses you.
You barely miss the gnoll.
The gnoll is heavily wounded.
The gnoll hits you but does no damage.
You hit the gnoll but do no damage.
The gnoll is heavily wounded.
The gnoll sergeant hits you from afar with a trident!
* * * LOW HITPOINT WARNING * * *
The gnoll closely misses you.
You take 7 damage, and have 14/38 hp.
The gnoll barely misses you.
The gnoll sergeant hits you from afar with a trident.
* * * LOW HITPOINT WARNING * * *
You take 3 damage, and have 12/38 hp.
You barely miss the gnoll.
The gnoll is heavily wounded.
The gnoll hits you with a flail.
* * * LOW HITPOINT WARNING * * *
The gnoll sergeant hits you but does no damage.
You take 3 damage, and have 9/38 hp.
Unknown command.
Throwing (i - inventory)
b - a throwing net (quivered)
Press: ? - help, Shift-Dir - straight line, f - gnoll
Aim: a gnoll, wielding a flail (heavily wounded)
You throw a throwing net. The throwing net hits the gnoll.
The gnoll is caught in the net!
The gnoll is heavily wounded.
The gnoll struggles against the net.
The gnoll sergeant misses you.
You hit the gnoll.
The gnoll is severely wounded.
The gnoll struggles against the net.
The gnoll sergeant hits you from afar with a trident.
* * * LOW HITPOINT WARNING * * *
You take 6 damage, and have 3/38 hp.
You hit the gnoll.
You kill the gnoll!
Lugonu accepts your kill.
The gnoll sergeant hits you but does no damage.
The gnoll closely misses you.
The gnoll sergeant hits you with a trident.
You die...

....# #........#
....#.......#....#
....#.......#....#
....#.......#....#
....#+###+###....#
##.............###
#.............###
#.........g#.##.##
#...........g##@.#
##..........##gg###
......#####.##>g#########
......# #...##........#
......# #.#.##.#......#
......# #......#####..#
......# #......#..##..#
......# #......'..#...#
......# #......#..#...#


You could see a gnoll sergeant and 2 gnolls.

Vanquished Creatures
  An ice beast (D:5)
  A scorpion (D:4)
  Ijyb (D:3)
  Terence (D:3)
  An orc wizard (D:5)
  A worker ant (D:4)
  5 adders
  A gnoll (D:5)
  A shadow imp (D:5)
  An ooze (D:2)
  6 worms
  2 dart slugs (D:3)
  4 leopard geckos
  4 orcs
  5 giant cockroaches
  13 goblins
  5 hobgoblins
  7 kobolds
  A quokka (D:5)
  2 ball pythons
  5 bats
  5 frilled lizards
  10 rats
83 creatures vanquished.

Notes
Turn   | Place    | Note
-------+----------+-------------------------------------------
     0 | Abyss:1  | Monsterracer the Gargoyle Abyssal Knight began the quest for the Orb.
     0 | Abyss:1  | Reached XP level 1. HP: 14/14 MP: 2/2
    11 | Abyss:1  | Found a corrupted altar of Lugonu.
    46 | D:1      | Escaped the Abyss
   116 | D:1      | Reached skill level 2 in Axes
   261 | D:1      | Reached XP level 2. HP: 19/19 MP: 3/3
   412 | D:1      | Reached skill level 3 in Axes
   479 | D:1      | Reached XP level 3. HP: 23/23 MP: 4/4
   513 | D:1      | Reached ** piety under Lugonu
  1052 | D:2      | HP: 7/23 [worm (5)]
  1796 | D:2      | Reached XP level 4. HP: 28/28 MP: 5/5
  2177 | D:3      | Reached skill level 4 in Axes
  2243 | D:3      | Found a blossoming altar of Fedhas.
  2398 | D:3      | Noticed Ijyb
  2406 | D:3      | HP: 13/28 [Ijyb/wand of flame (14) (6)]
  2415 | D:3      | Killed Ijyb
  2617 | D:3      | Reached XP level 5. HP: 24/32 MP: 6/6
  2689 | D:3      | Found a white marble altar of Elyvilon.
  2837 | D:3      | HP: 15/32 [worm (5)]
  3079 | D:3      | Noticed Terence
  3092 | D:3      | Killed Terence
  3092 | D:3      | Reached skill level 5 in Axes
  3418 | D:4      | Got a fabulously ornate robe
  3673 | D:4      | Reached XP level 6. HP: 29/37 MP: 6/8
  3741 | D:5      | Entered Level 5 of the Dungeon
  3741 | D:5      | Noticed an ice beast
  3762 | D:5      | Killed an ice beast
  3762 | D:5      | Reached *** piety under Lugonu
  4059 | D:5      | HP: 18/38 [gnoll/spear (2)]
  4086 | D:5      | HP: 14/38 [gnoll sergeant/trident (7)]
  4092 | D:5      | HP: 3/38 [gnoll sergeant/trident (6)]
  4094 | D:5      | Slain by a gnoll sergeant

Skill      XL: |  1  2  3  4  5  6 |
---------------+-------------------+-----
Axes           | 2 3 4 5 |  5.6
Invocations    | 3 |  3.6
Fighting       | |  3.9
Armour         | |  2.1
Dodging        | |  0.7

Action                   |  1- 3 |  4- 6 || total
-------------------------+-------+-------++-------
Melee: Hand axe          |   146 |   234 ||   380
Throw: Throwing net      |       |     1 ||     1
Evoke: Wand              |       |     4 ||     4
  Eat: Chunk             |     3 |     7 ||    10
Armor: Leather armour    |    43 |       ||    43
       Chain mail        |    26 |    80 ||   106
       Scale mail        |       |    70 ||    70
Dodge: Dodged            |    65 |   102 ||   167

Vault maps used:
D:1:      minmay_arrival_jagged, grunt_decor_one_mirror, st_stairs_8
D:2:      first_ration
D:3:      elyvilon_altar_4, lemuel_round_altar, grunt_ministairs_7,
          patterned_corridor, uniq_ijyb, uniq_terence
D:4:      grunt_temple_overflow_diamond, amethyst_overflow_temple_binary,
          portal_sewer_entry_b, grunt_decor_cap, nicolae_tso_besieged_by_evil
D:5:      st_stairs_7
